 Dungeon Crawl Stone Soup version 0.21-a0-440-g28109cb (webtiles) character file.

19713 tof the Carver (level 12, -11/119 HPs)
             Began as a Minotaur Monk on Nov 10, 2017.
             Was an Elder of Ru.
             Mangled by a cyan ugly thing (16 damage)
             ... on level 13 of the Dungeon.
             The game lasted 00:37:28 (16402 turns).

tof the Carver (Minotaur Monk)                     Turns: 16402, Time: 00:37:29

Health: -11/119    AC: 18    Str: 14    XL:     12   Next: 39%
Magic:  8/8        EV:  5    Int:  7    God:    Ru [****..]
Gold:   803        SH: 10    Dex: 19    Spells: 10/11 levels left

rFire    . . .     SeeInvis .   E - +0 scimitar
rCold    . . .     Gourm    +   L - +3 buckler {reflect}
rNeg     . . .     Faith    .   O - +0 plate armour {rPois}
rPois    +         Spirit   .   (helmet unavailable)
rElec    .         Reflect  +   l - +0 cloak
rCorr    .         Harm     .   (no gloves)
MR       +....                  Q - +0 pair of boots
Stlth    ..........             P - amulet of the gourmand
HPRegen  0.29/turn              F - +3 ring of dexterity
MPRegen  0.11/turn              (no ring)

@: exhausted, drained
A: retaliatory headbutt, horns 3, rugged brown scales 1, low mp 2, magic
resistance 1, robust 1, weak 2, hated by all, inability to train dodging, no
conjurations magic, no ice magic, no transmutations magic, MP-powered wands
a: Draw Out Power, Power Leap, Renounce Religion


You were on level 13 of the Dungeon.
You worshipped Ru.
Ru was greatly pleased with you.
You were very full.

You visited 3 branches of the dungeon, and saw 15 of its levels.

You collected 803 gold pieces.

Inventory:

Hand Weapons
 a - a +0 falchion
 E - a +0 scimitar (weapon)
Missiles
 I - 21 tomahawks (quivered)
Armour
 l - a +0 cloak (worn)
 L - a +3 buckler of reflection (worn)
 O - a +0 plate armour of poison resistance (worn)
 Q - a +0 pair of boots (worn)
Jewellery
 F - a +3 ring of dexterity (left hand)
 J - an uncursed amulet of regeneration
 P - an amulet of the gourmand (around neck)
 S - an uncursed ring of ice
Wands
 m - a wand of disintegration (19/24)
 n - a wand of flame (13/48)
 G - a wand of random effects (18/48)
Scrolls
 f - 6 scrolls of remove curse
 g - 5 scrolls of enchant armour
 h - 2 scrolls of magic mapping
 j - 4 scrolls of teleportation
 x - 2 scrolls of blinking {unknown}
 y - a scroll of recharging {unknown}
 A - 2 scrolls of fear {unknown}
 M - a scroll of enchant weapon
 R - a scroll of amnesia {unknown}
Potions
 b - a potion of might {unknown}
 d - 2 potions of resistance {unknown}
 e - 4 potions of degeneration {unknown}
 i - a potion of berserk rage {unknown}
 o - 4 potions of heal wounds
 p - a potion of flight {unknown}
 t - a potion of agility {unknown}
 u - 2 potions of lignification {unknown}
 B - 7 potions of curing {unknown}
 D - a potion of brilliance {unknown}
 H - 2 potions of invisibility {unknown}
Books
 q - a book of Minor Magic

   Spells                             Type                      Level
   a - Magic Dart                     Conjuration                  1
   b - Blink                          Translocation                2
   c - Call Imp                       Summoning                    2
   d - Slow                           Hexes                        2
   e - Conjure Flame                  Conjuration/Fire             3
   f - Mephitic Cloud                 Conjuration/Poison/Air       3
 s - a book of Cantrips

   Spells                             Type                      Level
   a - Confusing Touch                Hexes                        1
   b - Animate Skeleton               Necromancy                   1
   c - Summon Small Mammal            Summoning                    1
   d - Apportation                    Translocation                1
 z - a book of Enchantments

   Spells                             Type                      Level
   a - Cause Fear                     Hexes                        4
   b - Yara's Violent Unravelling     Hexes/Transmutation          5
   c - Silence                        Hexes/Air                    5
   d - Deflect Missiles               Charms/Air                   6
   e - Discord                        Hexes                        8
 C - a book of Conjurations

   Spells                             Type                      Level
   a - Magic Dart                     Conjuration                  1
   b - Searing Ray                    Conjuration                  2
   c - Dazzling Spray                 Conjuration/Hexes            3
   d - Fulminant Prism                Conjuration/Hexes            4
   e - Force Lance                    Conjuration/Translocation    4
   f - Iskenderun's Mystic Blast      Conjuration                  4
 K - a book of Transfigurations

   Spells                             Type                      Level
   a - Irradiate                      Conjuration/Transmutation    5
   b - Statue Form                    Transmutation/Earth          6
   c - Hydra Form                     Transmutation                6
   d - Dragon Form                    Transmutation                7
 N - a book of Maledictions

   Spells                             Type                      Level
   a - Corona                         Hexes                        1
   b - Ensorcelled Hibernation        Hexes/Ice                    2
   c - Confuse                        Hexes                        3
   d - Tukima's Dance                 Hexes                        3
   e - Dazzling Spray                 Conjuration/Hexes            3
Comestibles
 c - 10 bread rations
 k - 17 fruits
 r - 8 royal jellies
 w - 9 meat rations


   Skills:
 + Level 10.2(9.8) Fighting
 * Level 13.6(13.1) Long Blades
 + Level 9.7(9.3) Armour
 - Level 1.5(1.2) Stealth
 * Level 10.5(10.1) Shields
 + Level 5.2(4.8) Hexes


You had 10 spell levels left.
You knew the following spells:

 Your Spells              Type           Power        Failure   Level  Hunger
a - Confusing Touch       Hex            #.....       97%         1    ##.....


Dungeon Overview and Level Annotations

Branches:
Dungeon (13/15)            Temple (1/1) D:5            Lair (1/6) D:11
    Orc (0/2) D:10
 Vaults: D:13-14

Altars:
Ashenzari
Cheibriados
Dithmenos
Elyvilon
Fedhas
Gozag
Hepliaklqana
Kikubaaqudgha
Makhleb
Nemelex Xobeh
Okawaru
Qazlal
Ru
Sif Muna
Trog
Uskayaw
Vehumet
Wu Jian
Xom
Yredelemnul
Zin
The Shining One

Shops:
D:6 %   D:10 (

Portals:
Trove: D:11 (give 7 potions of agility)


Innate Abilities, Weirdness & Mutations

You reflexively headbutt those who attack you in melee.
You have a pair of large horns on your head.
You are hated by all.
You cannot train Dodging skill.
You cannot study or cast Conjurations magic.
You cannot study or cast Ice magic.
You cannot study or cast Transmutations magic.
You are partially covered in rugged brown scales. (AC +1, +3% HP)
Your magical capacity is very low. (-20% MP)
You are resistant to hostile enchantments. (MR+)
You are robust. (+10% HP)
You are very weak. (Str -4)
You expend magic power (3 MP) to strengthen your wands.


Message History

* * * LOW HITPOINT WARNING * * *
The cyan ugly thing shocks you!
* * * LOW HITPOINT WARNING * * *
You are restored by drawing out deep reserves of power within.
You feel drained.
The cyan ugly thing is stunned by your will and fails to attack.
You slash the cyan ugly thing! You headbutt the cyan ugly thing.
The cyan ugly thing is almost dead.
The cyan ugly thing tail-slaps you.
* * * LOW HITPOINT WARNING * * *
The cyan ugly thing shocks you!
* * * LOW HITPOINT WARNING * * *
You're too exhausted to draw out your power.
The cyan ugly thing tail-slaps you but does no damage.
You slash the cyan ugly thing!
The cyan ugly thing is almost dead.
The cyan ugly thing tail-slaps you.
* * * LOW HITPOINT WARNING * * *
The cyan ugly thing shocks you!
You die...

...........##.....(....#
.....###...##.###.##.....
####.. ..#....###.##.#...
....#####.............
.###.#####.##..(.......
........#...##.
...........###..
##...####........
#...###..@..####.
....#....u.......
##..............
.........#####.(
...#....[....... ##
#............
#.......>....
...............
...............


You could see a cyan ugly thing.

Vanquished Creatures
  Fannar (Lair:1)
  A centaur warrior (D:13)
  4 two-headed ogres
  2 ugly things
  2 oklob plants (D:11)
  A cyclops (D:11)
  2 manticores
  2 komodo dragons
  A guardian mummy (D:11)
  4 trolls
  The ghost of Autsider the Ruffian, an amateur DrTm (D:4)
  4 hippogriffs
  2 shadows
  A wyvern (D:11)
  A spriggan (D:8)
  A vampire (D:9)
  7 yaks
  4 vampire mosquitoes (D:13)
  3 water moccasins (Lair:1)
  A porcupine (Lair:1)
  3 ice beasts
  10 orc warriors
  2 sky beasts
  3 phantoms
  5 ogres
  A necrophage (D:5)
  An eye of draining (D:9)
  5 centaurs
  2 crocodiles (Lair:1)
  6 big kobolds
  11 bullfrogs
  5 gnoll sergeants (D:10)
  2 wyvern skeletons
  5 scorpions
  9 killer bees
  2 electric eels (D:10)
  2 howler monkeys
  7 wights (D:12)
  6 crimson imps
  3 centaur zombies
  2 bullfrog zombies (D:9)
  4 hounds
  15 orc wizards
  3 jellies
  5 centaur skeletons
  Crazy Yiuf (D:6)
  A bullfrog skeleton (D:7)
  Ijyb (D:3)
  8 orc priests
  3 iguanas
  6 worker ants
  A killer bee zombie (D:4)
  A hound skeleton (D:10)
  4 worker ant zombies
  6 gnolls
  14 adders
  5 shadow imps
  2 oozes
  An adder skeleton (D:4)
  An adder zombie (D:9)
  3 dart slugs (D:1)
  3 worms
  8 leopard geckos
  58 orcs
  4 giant cockroaches
  8 goblins
  13 hobgoblins
  19 jackals
  28 kobolds
  2 quokkas
  A ball python (D:1)
  7 bats
  4 frilled lizards
  9 rats
  A fungus (D:6)
  A plant (D:11)
388 creatures vanquished.

Vanquished Creatures (others)
  A hippogriff (D:8)
  A jackal (D:9)
  A kobold (D:9)
3 creatures vanquished.

Grand Total: 391 creatures vanquished

Notes
Turn   | Place    | Note
-------+----------+-------------------------------------------
     0 | D:1      | tof the Minotaur Monk began the quest for the Orb.
     0 | D:1      | Reached XP level 1. HP: 19/19 MP: 0/0
    53 | D:1      | Reached XP level 2. HP: 27/27 MP: 1/1
    59 | D:1      | Reached skill level 4 in Long Blades
   144 | D:1      | Reached skill level 1 in Armour
   183 | D:1      | Reached XP level 3. HP: 16/33 MP: 2/2
   980 | D:2      | Reached XP level 4. HP: 40/40 MP: 3/3
  1347 | D:2      | Reached skill level 5 in Long Blades
  1762 | D:3      | Reached XP level 5. HP: 46/47 MP: 4/4
  2151 | D:3      | Noticed Ijyb
  2166 | D:3      | Killed Ijyb
  2601 | D:3      | Reached XP level 6. HP: 55/55 MP: 5/5
  2625 | D:3      | Learned a level 1 spell: Confusing Touch
  3019 | D:4      | Noticed Autsider's ghost (amateur DrTm)
  3050 | D:4      | Killed Autsider's ghost
  3050 | D:4      | Reached skill level 5 in Fighting
  3050 | D:4      | Reached skill level 6 in Long Blades
  3413 | D:4      | Reached XP level 7. HP: 46/61 MP: 6/6
  3765 | D:4      | Reached skill level 1 in Hexes
  4173 | D:5      | Entered Level 5 of the Dungeon
  4181 | D:5      | Reached skill level 7 in Long Blades
  4181 | D:5      | Reached skill level 5 in Dodging
  4620 | D:5      | Found a staircase to the Ecumenical Temple.
  4785 | Temple   | Entered the Ecumenical Temple
  4862 | Temple   | Became a worshipper of Ru the Awakened
  4886 | D:5      | Gained mutation: You cannot study or cast Ice magic. [Ru sacrifice]
  4886 | D:5      | Gained mutation: You cannot study or cast Transmutations magic. [Ru sacrifice]
  4886 | D:5      | Gained mutation: You cannot study or cast Conjurations magic. [Ru sacrifice]
  4886 | D:5      | Reached * piety under Ru
  5186 | D:5      | Reached XP level 8. HP: 67/70 MP: 7/7
  5433 | D:6      | Reached skill level 8 in Long Blades
  5970 | D:6      | Found a shimmering altar of Xom.
  6000 | D:6      | Reached skill level 5 in Armour
  6125 | D:6      | Found Edesitz's Food Emporium.
  6207 | D:6      | Found a runed door.
  6211 | D:6      | Noticed Crazy Yiuf
  6214 | D:6      | Killed Crazy Yiuf
  6382 | D:7      | Reached skill level 9 in Long Blades
  6479 | D:7      | Noticed a hippogriff
  6484 | D:7      | Killed a hippogriff
  6484 | D:7      | Reached XP level 9. HP: 69/78 MP: 8/8
  6820 | D:7      | Gained mutation: You are hated by all. [Ru sacrifice]
  6820 | D:7      | Reached ** piety under Ru
  7170 | D:8      | Reached skill level 1 in Shields
  7482 | D:8      | Reached skill level 10 in Long Blades
  8133 | D:9      | Reached XP level 10. HP: 59/88 MP: 9/9
  8549 | D:9      | Gained mutation: You cannot train Dodging skill. [Ru sacrifice]
  8549 | D:9      | Reached *** piety under Ru
  8549 | D:9      | Reached **** piety under Ru
  8622 | D:9      | Gained mutation: You expend magic power (3 MP) to strengthen your wands. [mutagenic meat]
  8623 | D:9      | Gained mutation: You are weak. (Str -2) [mutagenic meat]
  8624 | D:9      | Gained mutation: Your magical capacity is low. (-10% MP) [mutagenic meat]
  8625 | D:9      | Gained mutation: You are partially covered in rugged brown scales. (AC +1, +3% HP) [mutagenic meat]
  8626 | D:9      | Gained mutation: You have a pair of large horns on your head. [mutagenic meat]
  8753 | D:9      | Reached skill level 5 in Shields
  8953 | D:9      | Noticed a two-headed ogre
  8961 | D:9      | Killed a two-headed ogre
  8961 | D:9      | Reached skill level 11 in Long Blades
  9385 | D:10     | Entered Level 10 of the Dungeon
  9635 | D:10     | Found Xeixto Kaup's Weapon Shoppe.
 10195 | D:10     | Found a staircase to the Orcish Mines.
 10398 | D:10     | Reached XP level 11. HP: 66/97 MP: 5/8
 10758 | D:10     | Reached skill level 12 in Long Blades
 11022 | D:11     | Noticed an oklob plant
 11172 | D:11     | Found a staircase to the Lair.
 11178 | D:11     | Noticed an oklob plant
 11190 | D:11     | Killed an oklob plant
 11610 | D:11     | Killed an oklob plant
 12359 | D:11     | Found a portal to a secret trove of treasure.
 13193 | D:11     | Noticed a two-headed ogre
 13203 | D:11     | Killed a two-headed ogre
 13723 | D:12     | Noticed a two-headed ogre
 13734 | D:12     | Killed a two-headed ogre
 13820 | D:12     | Noticed a two-headed ogre
 13835 | D:12     | Killed a two-headed ogre
 13919 | D:12     | Reached skill level 13 in Long Blades
 13935 | D:12     | Noticed a brown ugly thing
 13960 | D:12     | Killed a brown ugly thing
 13977 | D:12     | Reached XP level 12. HP: 55/109 MP: 9/9
 14371 | D:12     | Reached skill level 10 in Fighting
 14542 | Lair:1   | Entered Level 1 of the Lair of Beasts
 14588 | Lair:1   | Reached skill level 10 in Shields
 14588 | Lair:1   | Reached skill level 5 in Hexes
 14765 | Lair:1   | Noticed Fannar
 14807 | Lair:1   | Killed Fannar
 15458 | Lair:1   | Noticed a five-headed hydra
 15470 | Lair:1   | HP: 5/109 [12-headed hydra (8)]
 15470 | Lair:1   | HP: 2/109 [12-headed hydra (3)]
 16047 | D:13     | Noticed a centaur warrior
 16076 | D:13     | Killed a centaur warrior
 16085 | D:13     | Gained mutation: You are robust. (+10% HP) [mutagenic meat]
 16086 | D:13     | Gained mutation: Your magical capacity is very low. (-20% MP) [mutagenic meat]
 16087 | D:13     | Gained mutation: You are resistant to hostile enchantments. (MR+) [mutagenic meat]
 16088 | D:13     | Gained mutation: You are very weak. (Str -4) [mutagenic meat]
 16395 | D:13     | HP: 3/119 [cyan ugly thing (17)]
 16402 | D:13     | HP: 5/119 [cyan ugly thing (1)]
 16402 | D:13     | Mangled by a cyan ugly thing

Vault maps used:
D:1:      dpeg_arrival_long_road
D:3:      kb_forest_paths, first_bread, minmay_vboxes, uniq_ijyb
D:5:      minmay_temple_entry_fiery
D:6:      kennysheep_mini_moat, serial_shops, shop_fountains,
          uniq_crazy_yiuf_cottage
D:8:      special_room, the_bakery
D:9:      st_stairs_6
D:10:     kennysheep_orc_monster_closet_entryway, serial_shops, shop,
          fungi_pond_lemuel, kennysheep_generic_room_6
D:11:     dpeg_oklobed_lair, nicolae_trove_entry_path_of_doom, stair_cage_line
D:13:     grunt_decor_mini_mirrors
Temple:   grunt_wide_crystal_templ
Lair:1:   uniq_fannar

Skill      XL: |  1  2  3  4  5  6  7  8  9 10 11 12 |
---------------+-------------------------------------+-----
Long Blades    | 4 5 6 7 9 10 11 13 | 13.6
Armour         | 1 2 3 4 5 6 7 9 |  9.7
Fighting       | 4 5 6 7 8 9 10 | 10.2
Dodging        | 4 5 6 7 0 |  0.0
Hexes          | 1 2 3 4 5 |  5.2
Shields        | 4 7 9 10 | 10.5
Stealth        | |  1.5

Action                   |  1- 3 |  4- 6 |  7- 9 | 10-12 || total
-------------------------+-------+-------+-------+-------++-------
Melee: Falchion          |    71 |   155 |   115 |       ||   341
       Headbutt          |    17 |    28 |   104 |   211 ||   360
       Scimitar          |       |       |   313 |   833 ||  1146
Throw: Tomahawk          |       |       |       |    15 ||    15
Invok: Sacrifice Arcana  |       |       |     1 |       ||     1
       Sacrifice Love    |       |       |     1 |       ||     1
       Power Leap        |       |       |       |     1 ||     1
       Sacrifice Nimblen |       |       |       |     1 ||     1
       Reject Sacrifices |       |       |       |     1 ||     1
       Draw Out Power    |       |       |       |     1 ||     1
  Use: Scroll            |       |       |     1 |     8 ||     9
 Stab: Sleeping          |     1 |       |       |       ||     1
       Invisible         |       |       |     3 |     7 ||    10
       Distracted        |       |       |       |     6 ||     6
  Eat: Chunk             |       |     6 |    13 |    54 ||    73
       Bread ration      |       |     1 |       |       ||     1
Armor: Robe              |    12 |       |       |       ||    12
       Chain mail        |     5 |    89 |   201 |     8 ||   303
       Plate armour      |       |       |       |   383 ||   383
Dodge: Dodged            |    46 |    80 |   154 |   142 ||   422
Block: Large shield      |       |       |   144 |    82 ||   226
       Buckler           |       |       |       |   298 ||   298
       Reflection        |       |       |       |     5 ||     5
       Rpst.: Falchion   |    13 |    21 |    12 |       ||    46
       Scimitar          |       |       |    35 |    30 ||    65

Table legend:
 A = Spawn XP
 B = Non-spawn XP
 C = Spawn XP percentage of total XP
 D = Spawn monster count
 E = Non-spawn monster count
 F = Spawn count percentage of total count
 G = Total turns spent on level
                    A         B        C        D         E        F      G
               +---------+---------+-------+---------+---------+-------+---------
         Total |       0 |   28162 |   0.0 |       0 |     388 |   0.0 | 16402
               +---------+---------+-------+---------+---------+-------+---------
           D:1 |       0 |      79 |   0.0 |       0 |      32 |   0.0 |   772
           D:2 |       0 |     106 |   0.0 |       0 |      22 |   0.0 |   981
           D:3 |       0 |     199 |   0.0 |       0 |      27 |   0.0 |  1252
           D:4 |       0 |     533 |   0.0 |       0 |      14 |   0.0 |  1168
           D:5 |       0 |     509 |   0.0 |       0 |      17 |   0.0 |   972
           D:6 |       0 |     769 |   0.0 |       0 |      23 |   0.0 |  1050
           D:7 |       0 |    1221 |   0.0 |       0 |      21 |   0.0 |   714
           D:8 |       0 |    1412 |   0.0 |       0 |      38 |   0.0 |   964
           D:9 |       0 |    3657 |   0.0 |       0 |      42 |   0.0 |  1694
          D:10 |       0 |    3576 |   0.0 |       0 |      50 |   0.0 |  1099
          D:11 |       0 |    6000 |   0.0 |       0 |      46 |   0.0 |  3182
          D:12 |       0 |    5361 |   0.0 |       0 |      39 |   0.0 |   963
          D:13 |       0 |    2432 |   0.0 |       0 |       7 |   0.0 |   530
        Lair:1 |       0 |    2308 |   0.0 |       0 |      10 |   0.0 |   966
               +---------+---------+-------+---------+---------+-------+---------
